 Dungeon Crawl Stone Soup version 0.30-a0-279-g4b46babb21 (webtiles) character file.

Game seed: 14949129046590309978

155 bande the Covered (level 5, 0/33 HPs)
             Began as a Gargoyle Fighter on Oct 17, 2022.
             Slain by an ogre
             ... wielding a +0 giant spiked club
              (15 damage)
             ... on level 4 of the Dungeon.
             The game lasted 00:04:36 (2643 turns).

bande the Covered (Gargoyle Fighter)                Turns: 2643, Time: 00:04:36

Health: 0/33       AC: 17    Str: 20    XL:     5   Next: 37%
Magic:  5/5        EV:  5    Int:  8    God:
Gold:   243        SH:  4    Dex: 11    Spells: 4/4 levels left

rFire   . . .      SeeInvis .    a - +0 war axe
rCold   . . .      Faith    .    c - +0 buckler
rNeg    + . .      Spirit   .    k - +0 plate armour
rPois   ∞          Reflect  .    (no helmet)
rElec   +          Harm     .    (no cloak)
rCorr   +          Rampage  .    b - +0 pair of gloves
Will    .....                    (no boots)
Stlth   ..........               (no amulet)
HPRegen 0.25/turn                e - ring of resist corrosion
MPRegen 0.09/turn                (no ring)

@: no status effects
A: sickness immunity, AC +4, negative energy resistance 1, electricity
resistance, torment resistance 1, petrification resistance
a: no special abilities


You were on level 4 of the Dungeon.
You visited 1 branch of the dungeon, and saw 4 of its levels.

You collected 243 gold pieces.

Inventory:

Hand Weapons
 a - a +0 war axe (weapon)
Armour
 b - a +0 pair of gloves (worn)
 c - a +0 buckler (worn)
 k - a +0 plate armour (worn)
Jewellery
 e - a ring of resist corrosion (left hand)
Wands
 o - a wand of digging (1)
Scrolls
 n - 2 scrolls of magic mapping
 p - a scroll of identify
Potions
 d - a potion of might
 f - a potion of lignification {unknown}
 g - a potion of mutation
 h - a potion of ambrosia
 i - a potion of curing
 j - 2 potions of brilliance
 l - a potion of heal wounds
 m - 2 potions of berserk rage


   Skills:
 + Level 3.9 Fighting
 + Level 3.1 Axes
 + Level 4.3 Armour
 + Level 4.0 Shields
 * Level 0.9 Evocations


You had 4 spell levels left.
You didn't know any spells.
Your spell library contained the following spells:

 Spells                   Type           Power      Damage    Failure   Level
 Scorch                   Fire           0%         2d5       100%        2
 Vhi's Electric Charge    Tloc/Air       0%         N/A       100%        3
 Flame Wave               Conj/Fire      0%         2d4       100%        4
 Arcjolt                  Conj/Air       0%         1d10      100%        5
 Summon Cactus Giant      Summ           0%         N/A       100%        6
 Maxwell's Capacitive Co  Air            0%         ∞         100%        8


Dungeon Overview and Level Annotations

Branches:
Dungeon (4/15)
 Temple: D:4-7

Altars:
Gozag

Shops:
D:2 (


Innate Abilities, Weirdness & Mutations

You are immune to sickness and miasma.
Your stone body is resilient. (AC +4)
You are immune to poison.
You resist negative energy. (rN+)
You are resistant to electric shocks. (rElec)
You are resistant to unholy torment.
You are immune to petrification.


Message History

The ball python constricts you.
You barely miss the ball python.
The ball python bites you but does no damage.
The ball python constricts you. The ball python bites you.
The ball python constricts you.
You completely miss the ball python.
The ball python bites you but does no damage.
The ball python constricts you.
You slash the ball python!
You kill the ball python!
No target in view!
No target in view!
No target in view!
No target in view!
No target in view!
No target in view!
You pick up Maxwell's Memoranda and begin reading...
You add the spells Vhi's Electric Charge, Arcjolt and Maxwell's Capacitive Coupling to your library.
An ogre comes into view. It is wielding a +0 giant spiked club.
You slash the ogre!
The ogre is moderately wounded.
You block the ogre's attack.
You hit the ogre.
The ogre is moderately wounded.
You block the ogre's attack.
You hit the ogre.
The ogre is heavily wounded.
The ogre hits you with a +0 giant spiked club.
You slash the ogre!
The ogre is almost dead.
The ogre hits you with a +0 giant spiked club!
You hit the ogre.
The ogre is almost dead.
The ogre barely misses you.
You barely miss the ogre.
The ogre is almost dead.
You barely miss the ogre.
The ogre is almost dead.
The ogre hits you with a +0 giant spiked club!
You die...

#.# #.# #.# #.#
##.### . .... ..
########.# # ...
#.....O@.#.#....
#.######.#......
..........#
.....##.###
####.##.#
#..#.##.#
#.......#
##.#.########
###'#..†......


You could see an ogre.

Vanquished Creatures
  A scorpion (D:4)
  A hound (D:4)
  3 adders (D:2)
  A worm (D:2)
  An orc (D:3)
  3 endoplasms
  A giant cockroach (D:1)
  3 goblins
  4 hobgoblins
  6 jackals
  A quokka (D:2)
  4 ball pythons
  A bat (D:2)
  6 kobolds
  2 rats
  2 toadstools (D:1)
40 creatures vanquished.

Vanquished Creatures (others)
  2 toadstools (D:1)
2 creatures vanquished.

Grand Total: 42 creatures vanquished

Notes
Turn   | Place    | Note
-------+----------+-------------------------------------------
     0 | D:1      | bande the Gargoyle Fighter began the quest for the Orb.
     0 | D:1      | Reached XP level 1. HP: 14/14 MP: 1/1
   278 | D:1      | Reached XP level 2. HP: 19/19 MP: 2/2
  1043 | D:2      | Reached XP level 3. HP: 21/23 MP: 3/3
  1257 | D:2      | Found Fatyel's Antique Weapon Shoppe.
  1974 | D:3      | Reached XP level 4. HP: 29/29 MP: 4/4
  2174 | D:3      | Found an opulent altar of Gozag.
  2417 | D:4      | Noticed a scorpion
  2431 | D:4      | Killed a scorpion
  2432 | D:4      | Reached XP level 5. HP: 26/33 MP: 5/5
  2620 | D:4      | Noticed an ogre
  2643 | D:4      | Slain by an ogre

Illustrated notes

Levels and vault maps discovered:
D:1:      ldierk_water_garden, layout_loops_corners, minmay_misc_feat_columns,
          bh_walls_and_bars
D:2:      layout_basic, serial_shops, nicolae_shop_overgrown_old_shop
D:3:      layout_loops_ring, grunt_gozag_breadcrumbs
D:4:      layout_basic, uniq_edmund

Skill      XL: |  1  2  3  4  5 |
---------------+----------------+-----
Axes           | 2 3 |  3.1
Armour         | 4 |  4.3
Shields        | 4 |  4.0
Fighting       | |  3.9
Evocations     | |  0.9

Action                   |  1- 3 |  4- 6 || total
-------------------------+-------+-------++-------
Melee: War axe           |    97 |    47 ||   144
  Use: Scroll            |     6 |     2 ||     8
Armor: Scale mail        |    12 |       ||    12
       Plate armour      |    69 |    29 ||    98
Dodge: Dodged            |    37 |    12 ||    49
Block: Buckler           |    28 |    10 ||    38

Table legend: (Time is in decaauts)
 A = Elapsed time spent in this place.
 B = Non-inter-level travel time spent in this place.
 C = Inter-level travel time spent in this place.
 D = Time resting spent in this place.
 E = Time spent auto-exploring this place.
 F = Levels seen in this place.
 G = Mean time per level.
                   A        B        C        D        E       F      G
               +--------+--------+--------+--------+--------+-----+--------+
         Total |   2702 |   2670 |     32 |     23 |   2160 |   4 |  675.5 |
       Dungeon |   2702 |   2670 |     32 |     23 |   2160 |   4 |  675.5 |
               +--------+--------+--------+--------+--------+-----+--------+

Top non-repeatable levels by time:
     D:1: 1022 daAuts
     D:2: 806 daAuts
     D:3: 633 daAuts
     D:4: 240 daAuts
